 Dungeon Crawl Stone Soup version 0.29.0-4-gdea44cf6ec (webtiles) character file.

Game seed: 10987361457386065683

16 qw the Sneak (level 2, -5/19 HPs)
             Began as a Gargoyle Delver on Sept 10, 2022.
             Slain by a necrophage (7 damage)
             ... on level 5 of the Dungeon.
             The game lasted 00:00:05 (138 turns).

qw the Sneak (Gargoyle Delver)                       Turns: 138, Time: 00:00:05

Health: -5/19      AC:  5    Str: 15    XL:     2   Next: 58%
Magic:  2/2        EV: 11    Int: 10    God:
Gold:   0          SH:  0    Dex: 11    Spells: 1/1 levels left

rFire   . . .      SeeInvis .   a - +0 hand axe
rCold   . . .      Faith    .   (no shield)
rNeg    + . .      Spirit   .   b - +0 leather armour
rPois   inf        Reflect  .   (no helmet)
rElec   +          Harm     .   (no cloak)
rCorr   .          Rampage  .   (no gloves)
Will    .....                   (no boots)
Stlth   +++.......              (no amulet)
HPRegen 0.06/turn               (no ring)
MPRegen 0.08/turn               (no ring)

@: no status effects
A: sickness immunity, AC +2, negative energy resistance 1, electricity
resistance, torment resistance 1, petrification resistance
a: no special abilities


You were on level 5 of the Dungeon.
You visited 1 branch of the dungeon, and saw 1 of its levels.


Innate Abilities, Weirdness & Mutations

You are immune to sickness and miasma.
Your stone body is resilient. (AC +2)
You are immune to poison.
You resist negative energy. (rN+)
You are resistant to electric shocks. (rElec)
You are resistant to unholy torment.
You are immune to petrification.


   Skills:
 - Level 3.2 Fighting
 + Level 2.8 Axes
 - Level 1.5 Dodging
 - Level 5.4 Stealth


You had one spell level left.
You didn't know any spells.
Your spell library was empty.

Inventory:

Hand Weapons
 a - a +0 hand axe (weapon)
Armour
 b - a +0 leather armour (worn)
Wands
 g - a wand of digging (3)
Scrolls
 c - a scroll of fog
 d - a scroll of magic mapping
 e - a scroll of fear
 h - a scroll of identify {unknown}
Potions
 f - a potion of haste

Dungeon Overview and Level Annotations

Branches:
Dungeon (5/15)
 Temple: D:4-7

Altars:


Message History

The adder barely misses you.
You hit the adder.
You kill the adder!
You start resting.
HP restored.
You see here an adder corpse.
122 ||| Stepping ~*~*~tactically~*~*~ (stealth).
You see here an adder corpse.
124 ||| Stepping ~*~*~tactically~*~*~ (stealth).
You see here an adder corpse.
126 ||| Stepping ~*~*~tactically~*~*~ (stealth).
You see here an adder corpse.
128 ||| Stepping ~*~*~tactically~*~*~ (stealth).
You see here an adder corpse.
You hit the necrophage.
The necrophage is lightly damaged.
The necrophage hits you.
You barely miss the necrophage.
The necrophage is lightly damaged.
The necrophage hits you.
You hit the necrophage.
The necrophage is lightly damaged.
The necrophage hits you!
You closely miss the necrophage.
The necrophage is lightly damaged.
The necrophage closely misses you.
You hit the necrophage.
The necrophage is moderately damaged.
The necrophage hits you but does no damage.
You hit the necrophage.
The necrophage is heavily damaged.
The necrophage hits you.
You hit the necrophage.
The necrophage is heavily damaged.
The necrophage hits you but does no damage.
The necrophage barely misses you.
You hit the necrophage.
The necrophage is severely damaged.
The necrophage hits you!
You die...

7.7 7.777
77..7
77.7777777
7..77...77
77..7.77.77
7.7.7777.7
...777 7.7
7.7.77 7@7
.. 77
7.n...7 .7
.....77
7.7...7 7.
77.7 .. .7
.7 7 ..


You could see a necrophage.

Vanquished Creatures
  An adder (D:5)
  A shadow imp (D:5)
2 creatures vanquished.

Notes
Turn   | Place    | Note
-------+----------+-------------------------------------------
     0 | D:5      | qw the Gargoyle Delver began the quest for the Orb.
     0 | D:5      | Reached XP level 1. HP: 14/14 MP: 1/1
     0 | D:5      | 0 ||| qw: Version: 0.1-a-116-g5d60599
     0 | D:5      | 0 ||| qw: Game counter: 8589
     0 | D:5      | 0 ||| qw: Always use a shield: true
     0 | D:5      | 0 ||| qw: God list: Okawaru
     0 | D:5      | 0 ||| qw: Allow faded altars: false
     0 | D:5      | 0 ||| qw: Do Orc after D:15 true
     0 | D:5      | 0 ||| qw: Do second Lair branch before Depths: true
     0 | D:5      | 0 ||| qw: Lair rune preference: random
     0 | D:5      | 0 ||| qw: Plans: Normal
     0 | D:5      | 0 ||| PLANNING D:1-11
    20 | D:5      | Reached XP level 2. HP: 18/19 MP: 2/2
    35 | D:5      | Noticed a necrophage
    36 | D:5      | 36 ||| Stepping ~*~*~tactically~*~*~ (stealth).
    38 | D:5      | 38 ||| Stepping ~*~*~tactically~*~*~ (stealth).
   122 | D:5      | 122 ||| Stepping ~*~*~tactically~*~*~ (stealth).
   124 | D:5      | 124 ||| Stepping ~*~*~tactically~*~*~ (stealth).
   126 | D:5      | 126 ||| Stepping ~*~*~tactically~*~*~ (stealth).
   128 | D:5      | 128 ||| Stepping ~*~*~tactically~*~*~ (stealth).
   136 | D:5      | HP: 2/19 [necrophage (4)]
   138 | D:5      | Slain by a necrophage

Levels and vault maps discovered:
D:5:      kb_forest_paths, layout_loops_ring, mainiacjoe_overflow_boulevard,
          mainiacjoe_overflow_chevrons, minmay_temple_entry_crystal_x,
          minmay_misc_feat_five, uniq_eustachio, uniq_edmund

Skill      XL: |  1 |
---------------+----+-----
Axes           | 2 |  2.8
Fighting       | |  3.2
Dodging        | |  1.5
Stealth        | |  5.4

Action                   || total
-------------------------++-------
Melee: Hand axe          ||    29
 Stab: Distracted        ||     1
Armor: Leather armour    ||    12
Dodge: Dodged            ||    15

Table legend:
 A = Non-vault XP
 B = Vault XP
 C = Vault XP percentage of total XP
 D = Non-vault monster count
 E = Vault monster count
 F = Vault count percentage of total count
                 A         B        C        D         E       F
            +---------+---------+-------+---------+---------+-------
      Total |      13 |      11 |  45.8 |       1 |       1 |  50.0
            +---------+---------+-------+---------+---------+-------
        D:5 |      13 |      11 |  45.8 |       1 |       1 |  50.0
            +---------+---------+-------+---------+---------+-------
